[Event "Titled Tuesday Blitz November 01 Early 2022"]
[White "Storey, Charles H"]
[Black "Dimitrov, Atanas"]
[WhiteFideId "406686"]
[BlackFideId "2901315"]
[WhiteElo "2252"]
[BlackElo "2800"]
[Result "1-0"]
[Round "02"]
[TimeControl "180+1"]
[Date "2022.11.02"]
[WhiteClock "0:00:08"]
[BlackClock "0:00:02"]

1. e4 c5 2. Nf3 d6 3. d4 cxd4 4. Nxd4 Nf6 5. f3 e5 6. Nb3 Be7 7. c4 O-O 8. Nc3 Be6 9. Be3 Nc6 10. Be2 a5 11. O-O a4 12. Nd2 a3 13. b3 Nd7 14. Nb5 Nc5 15. Nb1 Bg5 16. Qd2 Bxe3+ 17. Qxe3 Qe7 18. N1xa3 Nd4 19. Rfc1 f5 20. b4 Nxb5 21. Nxb5 Na4 22. Nc3 Nxc3 23. Rxc3 fxe4 24. Qxe4 Rf4 25. Qc2 Bf5 26. Bd3 Bxd3 27. Qxd3 Rd4 28. Qe2 Qc7 29. Kh1 Qb6 30. b5 Qc5 31. a4 Qb4 32. Rca3 Rxc4 33. h3 Rac8 34. Qe3 Rd4 35. Qb3+ Rcc4 36. Qxb4 Rxb4 37. Kh2 Kf7 38. Rc1 Rd2 39. Rc7+ Kf6 40. Ra1 b6 41. Rc6 Rbb2 42. Rg1 Rb4 43. Rxb6 Rxa4 44. Rb8 Rb4 45. b6 Rdb2 46. Rf8+ Ke7 47. Rg8 Kf7 48. Rd8 Rxb6 49. Rc1 Rd2 50. Rc7+ Kg6 51. Rdd7 Kf5 52. Rxg7 h5 53. Rcf7+ Ke6 54. Re7+ Kd5 55. Rg5 h4 56. Rh7 Rb4 57. Rg4 Rdd4 58. Rhxh4 Rxg4 59. hxg4 Kc5 60. Rh8 Rb7 61. Rd8 d5 62. Kg3 Kd4 63. g5 Rf7 64. Kg4 Rf4+ 65. Kh5 Rf5 66. Kg4 Rf4+ 67. Kh5 Rf5 68. Kh6 e4 69. fxe4 Kxe4 70. g6 Rf2 71. g4 Rg2 72. Kg5 Kf3 73. Rxd5 Rxg4+ 74. Kf6 Ke4 75. Rg5 Rf4+ 76. Ke7 Rf1 77. g7 1-0


[Site "https://www.chess.com"]

[Event "Titled Tuesday Blitz November 01 Early 2022"]
[White "Stoyanov, Tsvetan"]
[Black "Tharushi, T H D Niklesha"]
[WhiteFideId "2917173"]
[BlackFideId "9918264"]
[WhiteElo "2349"]
[BlackElo "1596"]
[Result "1-0"]
[Round "02"]
[TimeControl "180+1"]
[Date "2022.11.02"]
[WhiteClock "0:01:17"]
[BlackClock "0:01:27"]

1. e4 c6 2. c4 d5 3. cxd5 cxd5 4. exd5 Nf6 5. Bb5+ Bd7 6. Bc4 a6 7. a4 Qc7 8. Qb3 g6 9. Nf3 Bg7 10. O-O O-O 11. h3 Bf5 12. Nc3 Nbd7 13. d3 Nc5 14. Qd1 Rfd8 15. Re1 Nxd5 16. Nxd5 Rxd5 17. Bxd5 Nxd3 18. Re3 Rd8 19. Rxd3 Bxd3 20. Qxd3 e6 21. Qc4 Qxc4 22. Bxc4 Rd1+ 23. Kh2 e5 24. Be2 Rd5 25. Be3 e4 26. Nd2 Bxb2 27. Rb1 Be5+ 28. g3 f5 29. Bc4 Kg7 30. Rxb7+ Kf6 31. Bxd5 g5 32. Rf7+ Kg6 33. Kg2 1-0


[Site "https://www.chess.com"]

[Event "Titled Tuesday Blitz November 01 Early 2022"]
[White "Suder, Jakub"]
[Black "Chigaev, Maksim"]
[WhiteFideId "1195310"]
[BlackFideId "4108116"]
[WhiteElo "2174"]
[BlackElo "2537"]
[Result "1/2-1/2"]
[Round "02"]
[TimeControl "180+1"]
[Date "2022.11.01"]
[WhiteClock "0:00:15"]
[BlackClock "0:00:02"]

1. d4 Nf6 2. c4 e6 3. Nc3 Bb4 4. Qb3 a5 5. g3 d5 6. cxd5 Qxd5 7. Qxd5 exd5 8. Bg2 c6 9. Nf3 O-O 10. O-O Re8 11. e3 h6 12. Bd2 Bf5 13. Na4 Nbd7 14. a3 Bd6 15. Rfc1 Be4 16. Be1 Bd3 17. Nd2 Ne4 18. Nxe4 Bxe4 19. Bf1 h5 20. Nc3 Bf5 21. Be2 g6 22. Bd2 Kg7 23. f3 g5 24. e4 dxe4 25. fxe4 Bxe4 26. Nxe4 Rxe4 27. Bxh5 g4 28. h3 gxh3 29. Bf3 Re7 30. Kh2 Nf6 31. Kxh3 Ne4 32. Bf4 Bxf4 33. gxf4 Nd6 34. Rg1+ Kf6 35. d5 Rh8+ 36. Kg2 cxd5 37. Bxd5 Re2+ 38. Kf3 Rxb2 39. Rab1 Rh3+ 40. Kg4 Rhh2 41. Rgc1 Nf5 42. Bxb7 Nd4 43. Rd1 Rxb1 44. Rxb1 Ne6 45. Rb6 Rf2 46. Kg3 Rf1 47. Ra6 Rb1 48. Bg2 Rb5 49. Bh3 Ke7 50. Bxe6 fxe6 51. a4 Rc5 52. Kg4 Kf6 53. Ra8 Rd5 54. Ra7 Rc5 55. Ra8 Rd5 56. Ra7 Rc5 57. Ra8 1/2-1/2


[Site "https://www.chess.com"]

[Event "Titled Tuesday Blitz November 01 Early 2022"]
[White "Svane, Rasmus"]
[Black "Budrewicz, Krzysztof"]
[WhiteFideId "4657101"]
[BlackFideId "1127950"]
[WhiteElo "2674"]
[BlackElo "2171"]
[Result "1-0"]
[Round "02"]
[TimeControl "180+1"]
[Date "2022.11.01"]
[WhiteClock "0:00:41"]
[BlackClock "0:00:41"]

1. Nf3 g6 2. e4 Bg7 3. d4 d6 4. Bd3 Nf6 5. O-O O-O 6. c3 Bg4 7. Nbd2 Nc6 8. h3 Bd7 9. Nc4 h6 10. e5 dxe5 11. dxe5 Nh7 12. Bf4 Be6 13. Qe2 Qc8 14. Rad1 Re8 15. Rfe1 Nf8 16. Qe3 g5 17. Bg3 Bf5 18. h4 Bxd3 19. Qxd3 g4 20. Nd4 Nxd4 21. cxd4 c6 22. Ne3 Qe6 23. Qe4 h5 24. d5 cxd5 25. Nxd5 Rac8 26. Nf4 Qh6 27. Qf5 Ne6 28. Nxh5 Qg6 29. Nxg7 Kxg7 30. Qe4 Rc7 31. Qa4 Ra8 32. Rc1 Nc5 33. Qa3 Rac8 34. e6 Rc6 35. exf7 Kxf7 36. Re3 a6 37. Rce1 e6 38. b4 Nd7 39. Qb3 Nb6 40. h5 Qf6 41. Re4 Rc3 42. Qxe6+ Qxe6 43. Rxe6 Nd5 44. Rd6 Rd3 45. h6 Rh8 46. Re5 Nxb4 47. Rf5+ Ke7 48. Rb6 Rd1+ 49. Kh2 Nc6 50. Rxb7+ Ke6 51. Rh5 Ne7 52. h7 Re1 53. Rh6+ Kf7 54. Bh4 g3+ 55. fxg3 Kg7 56. Rd6 Rxh7 57. Rdd7 Kf8 58. Rxe7 Rexe7 59. Rxe7 Rxe7 60. Bxe7+ Kxe7 61. Kh3 Kf6 62. Kh4 Kf5 63. Kh5 1-0


[Site "https://www.chess.com"]

[Event "Titled Tuesday Blitz November 01 Early 2022"]
[White "Toshali, V"]
[Black "Tokhirjonova, Gulrukhbegim"]
[WhiteFideId "5072611"]
[BlackFideId "14203626"]
[WhiteElo "1973"]
[BlackElo "2236"]
[Result "0-1"]
[Round "02"]
[TimeControl "180+1"]
[Date "2022.11.02"]
[WhiteClock "0:00:41"]
[BlackClock "0:00:55"]

1. d4 Nf6 2. Nf3 g6 3. Bg5 Ne4 4. Bf4 d5 5. Nbd2 Bg7 6. e3 O-O 7. Bd3 f5 8. Ne5 Nc6 9. f3 Nxe5 10. dxe5 Nc5 11. Be2 c6 12. c3 Nd7 13. e6 Nc5 14. g4 Nxe6 15. Bg3 f4 16. exf4 Nxf4 17. h4 Qb6 18. Nb3 Ng2+ 19. Kd2 Bxg4 20. fxg4 Qe3+ 21. Kc2 Qxg3 22. Qd3 Qe5 23. Raf1 Ne3+ 24. Kb1 Nxf1 25. Bxf1 Qe1+ 26. Nc1 Rf2 27. Bg2 Qe5 28. Bf3 Rf8 29. Rh3 Qf4 30. h5 Rxf3 31. Rxf3 Qxf3 32. Qxf3 Rxf3 33. hxg6 hxg6 34. g5 e5 35. Kc2 Rf5 0-1


[Site "https://www.chess.com"]

[Event "Titled Tuesday Blitz November 01 Early 2022"]
[White "Troltenier, Dirk"]
[Black "Martinez Molina, Carlos Alberto"]
[WhiteFideId "4606400"]
[BlackFideId "5122708"]
[WhiteElo "2335"]
[BlackElo "2212"]
[Result "1/2-1/2"]
[Round "02"]
[TimeControl "180+1"]
[Date "2022.11.02"]
[WhiteClock "0:00:06"]
[BlackClock "0:00:19"]

1. e4 c5 2. c3 Nf6 3. e5 Nd5 4. d4 cxd4 5. Nf3 e6 6. Bc4 d6 7. O-O Be7 8. exd6 Qxd6 9. cxd4 O-O 10. Nc3 Nxc3 11. bxc3 b6 12. d5 e5 13. Bb3 Ba6 14. Re1 Nd7 15. c4 Rac8 16. Bb2 Bf6 17. Nd2 Rfe8 18. Rc1 Nc5 19. Ba3 Qd8 20. Ba4 Nd3 21. Bxe8 Qxe8 22. Ne4 Nxc1 23. Nd6 Qd7 24. Nxc8 Nxa2 25. Nd6 Nc3 26. Qb3 e4 27. Nxe4 Nxe4 28. Rxe4 g6 29. Qe3 h5 30. Bc1 Bg7 31. Re8+ Kh7 32. Re7 Qf5 33. Qe4 Qf6 34. Rxa7 Qc3 35. Qe3 Qxc4 36. h3 Bc8 37. Rxf7 Kg8 38. Qe8+ Kh7 39. Qe7 Qxc1+ 40. Kh2 Qh6 41. Qc7 Bf5 42. d6 Kg8 43. d7 Bxd7 44. Qxd7 b5 45. Qe8+ Kh7 46. Rb7 Qf4+ 47. Kh1 Qc1+ 48. Kh2 Qf4+ 49. Kg1 Qc1+ 50. Kh2 Qf4+ 1/2-1/2


[Site "https://www.chess.com"]

[Event "Titled Tuesday Blitz November 01 Early 2022"]
[White "Turutin, Alexander"]
[Black "Osmonbekov, Talaibek"]
[WhiteFideId "4180623"]
[BlackFideId "2017253"]
[WhiteElo "2402"]
[BlackElo "2135"]
[Result "1-0"]
[Round "02"]
[TimeControl "180+1"]
[Date "2022.11.02"]
[WhiteClock "0:00:41"]
[BlackClock "0:00:13"]

1. e4 c5 2. Nc3 a6 3. f4 b5 4. Nf3 Bb7 5. d3 e6 6. a3 Nf6 7. Be2 Be7 8. O-O O-O 9. e5 Nd5 10. Bd2 f5 11. Nxd5 Bxd5 12. c4 bxc4 13. dxc4 Be4 14. Bc3 Nc6 15. Qd2 d5 16. exd6 Qxd6 17. Qxd6 Bxd6 18. Ng5 Rfe8 19. Nxe4 fxe4 20. Rad1 Nd4 21. Bg4 e5 22. f5 Be7 23. Rde1 Bf6 24. Rxe4 Rab8 25. Bd1 Red8 26. g4 h6 27. Kg2 Kf7 28. Kg3 Rb3 29. Bxb3 Nxb3 30. Bxe5 Rd3+ 31. Kg2 Nd2 32. Rd1 Nxe4 33. Rxd3 Bxe5 34. Re3 Bxb2 35. Rxe4 Bxa3 36. Re6 a5 37. Kf3 Bb4 38. Ra6 Bd2 39. h4 Be1 40. g5 Bxh4 41. g6+ Ke7 42. Ra7+ Kf6 43. Ke4 a4 44. Rxa4 h5 45. Ra7 Bf2 46. Rf7+ Kg5 47. Rxg7 Bd4 48. Rh7 h4 49. g7 Bxg7 50. Rxg7+ Kf6 51. Rg6+ Kf7 52. Rh6 1-0


[Site "https://www.chess.com"]

[Event "Titled Tuesday Blitz November 01 Early 2022"]
[White "Vachylia, Andrii"]
[Black "Srebrnic, Marko"]
[WhiteFideId "14137224"]
[BlackFideId "14603616"]
[WhiteElo "2318"]
[BlackElo "2340"]
[Result "1-0"]
[Round "02"]
[TimeControl "180+1"]
[Date "2022.11.02"]
[WhiteClock "0:00:45"]
[BlackClock "0:00:01"]

1. e4 c5 2. Nf3 Nc6 3. Bb5 g6 4. Bxc6 dxc6 5. d3 Bg7 6. h3 e5 7. O-O Qe7 8. Nc3 Nf6 9. Be3 Nd7 10. Qd2 Nf8 11. Bh6 Bxh6 12. Qxh6 f6 13. Qe3 Ne6 14. Ne2 O-O 15. Nd2 b6 16. a4 Bb7 17. f4 exf4 18. Nxf4 Nxf4 19. Qxf4 Rad8 20. Nc4 Bc8 21. Rae1 Be6 22. Ne3 c4 23. dxc4 Qc5 24. b3 Rd2 25. Rf2 Rxf2 26. Qxf2 Qe5 27. Nf1 Rd8 28. Nd2 Qd4 29. Qxd4 Rxd4 30. Nf3 Rd8 31. Kf2 h6 32. Ke2 Kf7 33. Rd1 Rxd1 34. Kxd1 Ke7 35. Kd2 Kd6 36. Ke3 Kc5 37. Kd3 Kb4 38. e5 fxe5 39. Nxe5 Kc5 40. Kc3 g5 41. Nd3+ Kd6 42. Kd4 c5+ 43. Ke4 Bc8 44. Ke3 Ke6 45. g3 Bb7 46. h4 Kf5 47. hxg5 hxg5 48. Ne1 Kg4 49. Kf2 Be4 50. Ng2 Kf5 51. Ne3+ Ke5 52. Ke2 Bc6 53. Kd3 Be4+ 54. Kd2 Bc6 55. c3 Be4 56. b4 Bc6 57. Nd1 Bxa4 58. Nb2 Bc6 59. Nd3+ Kd6 60. Ke3 a5 61. g4 a4 62. Nc1 1-0


[Site "https://www.chess.com"]

[Event "Titled Tuesday Blitz November 01 Early 2022"]
[White "Vakhania, Alexandra"]
[Black "Jaskolka, Tomasz"]
[WhiteFideId "13602560"]
[BlackFideId "1170791"]
[WhiteElo "2053"]
[BlackElo "2126"]
[Result "1/2-1/2"]
[Round "02"]
[TimeControl "180+1"]
[Date "2022.11.02"]
[WhiteClock "0:00:19"]
[BlackClock "0:01:03"]

1. d4 d5 2. Nf3 Nf6 3. Bg5 c6 4. Nbd2 Bf5 5. e3 e6 6. Bd3 Bg6 7. Qe2 Nbd7 8. h3 Be7 9. O-O O-O 10. Ne5 Nxe5 11. dxe5 Nd7 12. Bxe7 Qxe7 13. Bxg6 hxg6 14. f4 f6 15. exf6 gxf6 16. c3 Kg7 17. e4 Rae8 18. Rae1 Nb6 19. e5 f5 20. Nf3 c5 21. Ng5 Rh8 22. Ra1 Rd8 23. a4 d4 24. cxd4 Rxd4 25. a5 Nd5 26. g3 Nb4 27. Rfd1 Qd7 28. Rxd4 cxd4 29. Qc4 Nd5 30. Qxd4 Rc8 31. Rd1 Rc2 32. Nxe6+ Qxe6 33. Qxd5 Qxd5 34. Rxd5 Rxb2 35. Rd7+ Kf8 36. a6 bxa6 37. Rxa7 Ra2 38. g4 a5 39. gxf5 gxf5 40. h4 Ra4 41. h5 Rxf4 42. h6 Rh4 43. h7 a4 44. e6 a3 45. e7+ Kf7 46. e8=Q+ Kxe8 47. Ra8+ Kd7 48. h8=Q Rg4+ 49. Kf2 Ke6 50. Re8+ Kd5 51. Qe5+ Kc4 52. Rc8+ Kb3 53. Qc3+ Ka2 54. Qc2+ Ka1 55. Qxf5 Rb4 56. Rc1+ Ka2 57. Qc2+ Rb2 58. Ke2 Rxc2+ 59. Rxc2+ Kb1 60. Kd3 a2 61. Rh2 a1=Q 62. Rh1+ Kb2 63. Rxa1 Kxa1 1/2-1/2


[Site "https://www.chess.com"]

[Event "Titled Tuesday Blitz November 01 Early 2022"]
[White "Vasques, Antonio Pedro Freixial"]
[Black "Laohawirapap, Prin"]
[WhiteFideId "1908332"]
[BlackFideId "6205003"]
[WhiteElo "2243"]
[BlackElo "2113"]
[Result "0-1"]
[Round "02"]
[TimeControl "180+1"]
[Date "2022.11.02"]
[WhiteClock "0:00:36"]
[BlackClock "0:01:52"]

1. e4 e6 2. d4 d5 3. Nc3 Bb4 4. e5 c5 5. a3 Bxc3+ 6. bxc3 Ne7 7. h4 b6 8. h5 h6 9. Nh3 Ba6 10. Nf4 Qd7 11. g3 Bxf1 12. Kxf1 Nbc6 13. Ng2 Rc8 14. Ne3 Na5 15. Kg2 Qa4 16. Qg4 O-O 17. Ra2 Kh7 18. f4 cxd4 19. f5 Nc4 20. f6 gxf6 21. exf6 Rg8 22. Qxd4 Nxe3+ 23. Bxe3 Qxd4 24. Bxd4 Nf5 25. Be5 Rc4 26. a4 Re4 27. Bc7 e5 28. Rf1 Ne3+ 0-1


[Site "https://www.chess.com"]

[Event "Titled Tuesday Blitz November 01 Early 2022"]
[White "Velikanov, Alexander"]
[Black "Paravyan, David"]
[WhiteFideId "2039290"]
[BlackFideId "4194985"]
[WhiteElo "2259"]
[BlackElo "2555"]
[Result "1-0"]
[Round "02"]
[TimeControl "180+1"]
[Date "2022.11.01"]
[WhiteClock "0:00:04"]
[BlackClock "0:00:01"]

1. e4 e5 2. Nf3 Nf6 3. d3 Nc6 4. c3 d5 5. Qc2 a5 6. Be2 Bc5 7. O-O O-O 8. a4 Re8 9. Nbd2 Ba7 10. exd5 Nxd5 11. Nc4 h6 12. Be3 Nxe3 13. fxe3 Be6 14. d4 exd4 15. exd4 Bd5 16. Kh1 Be4 17. Bd3 Qd5 18. Ne3 Bxd3 19. Qxd3 Qe4 20. Qxe4 Rxe4 21. Nd5 Bb6 22. Rae1 Rxe1 23. Rxe1 Kf8 24. Kg1 Rd8 25. Nxb6 cxb6 26. Ne5 Ne7 27. Nc4 Nd5 28. Re5 Rd7 29. Kf2 f6 30. Re6 Kf7 31. Rd6 Ke7 32. Rxd7+ Kxd7 33. Kf3 f5 34. h4 g5 35. h5 Ke6 36. g3 g4+ 37. Kf2 Kf6 38. Nd6 Kg5 39. Nxb7 Kxh5 40. c4 Nb4 41. d5 Nd3+ 42. Ke3 Ne5 43. Kf4 Nf7 44. Kxf5 b5 45. axb5 a4 46. Kf6 a3 47. bxa3 Nd6 48. c5 Ne4+ 49. Ke5 Nxg3 50. d6 Nf5 51. Kxf5 g3 52. d7 g2 53. d8=Q g1=Q 54. Qe8+ Kh4 55. Qe4+ Kh5 56. Qf3+ Kh4 57. Nd6 h5 58. Qe4+ Kh3 59. Qf3+ Kh4 60. Ke4 Qxc5 61. Nf5+ Kg5 62. Qg3+ Kf6 63. Qd6+ 1-0


[Site "https://www.chess.com"]

[Event "Titled Tuesday Blitz November 01 Early 2022"]
[White "Vifleemskaia, Svetlana"]
[Black "Yurovskykh, Oleksandr"]
[WhiteFideId "4129490"]
[BlackFideId "14134020"]
[WhiteElo "1929"]
[BlackElo "2303"]
[Result "1/2-1/2"]
[Round "02"]
[TimeControl "180+1"]
[Date "2022.11.02"]
[WhiteClock "0:00:03"]
[BlackClock "0:00:04"]

1. d4 d5 2. c4 dxc4 3. Nf3 Nf6 4. e3 c5 5. Bxc4 cxd4 6. Qxd4 Qxd4 7. Nxd4 a6 8. O-O b5 9. Bb3 Bb7 10. a4 b4 11. Nd2 e6 12. Nc4 Nbd7 13. Na5 Bd5 14. Bxd5 Nxd5 15. e4 N5f6 16. f3 Bc5 17. Be3 O-O 18. Nab3 Ba7 19. Kf2 Rfc8 20. Rac1 Ne5 21. Rxc8+ Rxc8 22. Rd1 Nc4 23. Rc1 e5 24. Nf5 Bxe3+ 25. Nxe3 Nb6 26. Rxc8+ Nxc8 27. Nc4 Nd7 28. Ke3 f6 29. Kd3 Kf7 30. a5 Ke6 31. Ne3 Na7 32. Kc4 Nc6 33. Nd5 Ndb8 34. Nxb4 Nxb4 35. Kxb4 Kd6 36. Kc4 Nc6 37. Kc3 h5 38. h4 g5 39. g3 gxh4 40. gxh4 Nd8 41. Kb4 Nc6+ 42. Kc4 Ne7 43. Nc5 Ng6 44. Nxa6 Nxh4 45. Nc5 Kc6 46. a6 Kb6 47. b4 Nxf3 48. b5 h4 49. Nd7+ Ka7 50. Nxf6 h3 51. Ng4 Kb6 52. Kd5 Ka7 53. Kc6 Nd2 54. Kc7 Nxe4 55. Nxe5 h2 56. b6+ Kxa6 57. b7 h1=Q 58. b8=Q Qh7+ 59. Nd7 Ka5 60. Qb6+ Ka4 61. Kc8 Qg8+ 62. Kc7 Qc4+ 63. Kd8 Qd5 64. Kc7 Nc3 65. Qc6+ Qxc6+ 66. Kxc6 1/2-1/2


[Site "https://www.chess.com"]

[Event "Titled Tuesday Blitz November 01 Early 2022"]
[White "Villamayor, Buenaventura"]
[Black "Guzman Moneo, Alberto"]
[WhiteFideId "5200393"]
[BlackFideId "2209616"]
[WhiteElo "2301"]
[BlackElo "2157"]
[Result "1-0"]
[Round "02"]
[TimeControl "180+1"]
[Date "2022.11.02"]
[WhiteClock "0:02:15"]
[BlackClock "0:00:51"]

1. e4 c5 2. c3 e6 3. d4 d5 4. exd5 exd5 5. Nf3 Nc6 6. Be3 c4 7. b3 cxb3 8. axb3 Bd6 9. Bb5 Ne7 10. O-O O-O 11. h3 Bf5 12. Nh4 Be4 13. Nd2 Nf5 14. Nxe4 Nxe3 15. fxe3 dxe4 16. Nf5 Re8 17. Qg4 Qf6 18. Bc4 Kh8 19. Nxd6 Qxd6 20. Rxf7 Rg8 21. Raf1 Na5 22. Be6 Rae8 23. d5 Nxb3 24. Rd7 Qe5 25. Bxg8 Rxg8 26. Qe6 Qxc3 27. Qxg8+ Kxg8 28. Rd8# 1-0


[Site "https://www.chess.com"]

[Event "Titled Tuesday Blitz November 01 Early 2022"]
[White "Vlassov, Nikolai"]
[Black "Tarasova, Viktoriya"]
[WhiteFideId "4103360"]
[BlackFideId "4175840"]
[WhiteElo "2324"]
[BlackElo "2182"]
[Result "1-0"]
[Round "02"]
[TimeControl "180+1"]
[Date "2022.11.02"]
[WhiteClock "0:01:34"]
[BlackClock "0:00:07"]

1. e4 c5 2. c3 Nf6 3. e5 Nd5 4. d4 cxd4 5. cxd4 d6 6. Bc4 e6 7. Nf3 Nc6 8. O-O Nb6 9. Bb3 dxe5 10. dxe5 Qxd1 11. Rxd1 Be7 12. Nc3 O-O 13. Bf4 Na5 14. Bc2 Bd7 15. Nd4 a6 16. Be4 Rac8 17. Rac1 Rc7 18. Nce2 Rfc8 19. Kf1 Rxc1 20. Rxc1 Rxc1+ 21. Nxc1 h6 22. b3 Kf8 23. Bd2 Nc6 24. Nxc6 Bxc6 25. Bxc6 bxc6 26. Ke2 Ke8 27. Kd3 Kd7 28. Ba5 Nd5 29. Kc4 f6 30. Nd3 f5 31. a4 g5 32. Bd2 Bf8 33. h3 Kc7 34. g4 f4 35. f3 Kd7 36. Nf2 Bg7 37. Ne4 Bf8 38. Kd4 Kc7 39. Ba5+ Kb7 40. Nc5+ Bxc5+ 41. Kxc5 Ne3 42. Kd6 Nd1 43. Kxe6 Nf2 44. Kf7 Nxh3 45. e6 Ng1 46. e7 1-0


[Site "https://www.chess.com"]

[Event "Titled Tuesday Blitz November 01 Early 2022"]
[White "Volkov, Maksim"]
[Black "Bluebaum, Matthias"]
[WhiteFideId "54123070"]
[BlackFideId "24651516"]
[WhiteElo "2257"]
[BlackElo "2633"]
[Result "0-1"]
[Round "02"]
[TimeControl "180+1"]
[Date "2022.11.01"]
[WhiteClock "0:00:04"]
[BlackClock "0:00:16"]

1. d4 Nf6 2. c4 e6 3. g3 d5 4. Bg2 Be7 5. Nf3 O-O 6. Nc3 c6 7. Qd3 a5 8. O-O b6 9. cxd5 cxd5 10. a4 Ba6 11. Nb5 Nc6 12. Bf4 Nb4 13. Qb3 Ne8 14. Rfc1 Bxb5 15. axb5 Nd6 16. Bxd6 Bxd6 17. e3 Qd7 18. Bf1 Rac8 19. Qd1 f6 20. Ne1 f5 21. Rc3 g6 22. Qa4 g5 23. f4 gxf4 24. exf4 Qg7 25. Nf3 Bxf4 26. Re1 Rce8 27. Qd1 Kh8 28. Kh1 Bd6 29. Rce3 Qf6 30. Qe2 f4 31. gxf4 Qxf4 32. Bg2 Rf6 33. Rf1 Qh6 34. Ne5 Rxf1+ 35. Bxf1 Rf8 36. Rh3 Qg5 37. Rh5 Qg7 38. Bg2 Rf6 39. Ng4 Rf4 40. h3 Qxd4 41. Bf3 Qd3 42. Qxd3 Nxd3 43. Be2 Nf2+ 44. Kg2 Nxg4 45. Bxg4 Re4 46. Rh6 Rb4 47. Rxe6 Rxb2+ 48. Kf1 Bc5 49. h4 Rxb5 50. h5 Kg7 51. h6+ Kf7 52. Rc6 Rb1+ 53. Ke2 Rb2+ 54. Kd1 a4 55. Bh5+ Ke7 56. Rc7+ Kf6 57. Rxh7 Kg5 58. Be2 a3 59. Bd3 a2 60. Ra7 Rb1+ 61. Kc2 a1=Q 62. Rxa1 Rxa1 63. h7 Ra8 0-1


[Site "https://www.chess.com"]

[Event "Titled Tuesday Blitz November 01 Early 2022"]
[White "Vrbljanac, Aleksandar"]
[Black "Xiong, Jeffery"]
[WhiteFideId "932817"]
[BlackFideId "2047640"]
[WhiteElo "2309"]
[BlackElo "2725"]
[Result "1-0"]
[Round "02"]
[TimeControl "180+1"]
[Date "2022.11.01"]
[WhiteClock "0:02:15"]
[BlackClock "0:02:37"]

1. e4 c6 2. Nf3 d5 3. Nc3 dxe4 4. Nxe4 Nd7 5. Qe2 Qc7 6. d4 Ngf6 7. c3 g6 8. g3 Nxe4 9. Qxe4 Nf6 10. Qc2 Bf5 11. Qb3 Be4 12. Bg2 c5 13. dxc5 Qxc5 14. O-O Bg7 15. Be3 Qh5 16. Ng5 Bxg2 17. Qxf7+ 1-0


[Site "https://www.chess.com"]

[Event "Titled Tuesday Blitz November 01 Early 2022"]
[White "Weetik, Vjacheslav"]
[Black "Sailer, Mike"]
[WhiteFideId "4153472"]
[BlackFideId "2012901"]
[WhiteElo "2469"]
[BlackElo "2109"]
[Result "1-0"]
[Round "02"]
[TimeControl "180+1"]
[Date "2022.11.02"]
[WhiteClock "0:00:19"]
[BlackClock "0:00:19"]

1. d4 d5 2. c4 Bf5 3. Nc3 e6 4. Nf3 Nc6 5. cxd5 exd5 6. Bf4 Nf6 7. e3 Bb4 8. Bd3 Bxd3 9. Qxd3 O-O 10. O-O Re8 11. Bg5 Bxc3 12. bxc3 Qd6 13. c4 dxc4 14. Qxc4 Ne4 15. Bf4 Qd7 16. Rfc1 Re7 17. Rab1 Rc8 18. h3 Nd8 19. Ne5 Qe6 20. d5 Qf5 21. g4 Qxe5 22. Bxe5 Rxe5 23. Qd4 Re8 24. Qxa7 Nf6 25. d6 c6 26. Rd1 Nd7 27. a4 c5 28. a5 Nc6 29. Qxb7 Nde5 30. d7 1-0


[Site "https://www.chess.com"]

[Event "Titled Tuesday Blitz November 01 Early 2022"]
[White "Winterberg, Lukas"]
[Black "Fernandez Hernandez, Gerardo"]
[WhiteFideId "24622702"]
[BlackFideId "2207400"]
[WhiteElo "2349"]
[BlackElo "2241"]
[Result "0-1"]
[Round "02"]
[TimeControl "180+1"]
[Date "2022.11.02"]
[WhiteClock "0:00:04"]
[BlackClock "0:00:02"]

1. d4 Nf6 2. Bf4 e6 3. Nf3 d5 4. e3 Bd6 5. Nbd2 O-O 6. Bg3 c5 7. c3 Qc7 8. Bd3 Nbd7 9. Qe2 e5 10. dxe5 Nxe5 11. Nxe5 Bxe5 12. Rd1 Bg4 13. Nf3 Bd6 14. Bxd6 Qxd6 15. h3 Bh5 16. c4 d4 17. g4 Bg6 18. Bxg6 fxg6 19. exd4 Rae8 20. Ne5 cxd4 21. f4 Nd7 22. O-O Nxe5 23. fxe5 Rxf1+ 24. Rxf1 Qxe5 25. Qf3 Qe3+ 26. Qxe3 Rxe3 27. Rf4 d3 28. Rd4 Rxh3 29. Kf2 Rh2+ 30. Ke3 Rxb2 31. Rxd3 Rxa2 32. Rd8+ Kf7 33. Rd7+ Kf6 34. Rxb7 h5 35. Kf3 Ra3+ 36. Kg2 h4 37. c5 Rg3+ 38. Kh2 Rxg4 39. Rxa7 Rc4 40. Ra5 g5 41. Kh3 Kg6 42. Rb5 Kh5 43. Kg2 Rc2+ 44. Kg1 h3 45. Rb3 Kh4 46. Rb7 Rxc5 47. Rxg7 Rc1+ 48. Kf2 Rc2+ 49. Kg1 Kg4 50. Rd7 Kh4 51. Rg7 g4 52. Rd7 Rc1+ 53. Kf2 g3+ 54. Kf3 h2 0-1


[Site "https://www.chess.com"]

[Event "Titled Tuesday Blitz November 01 Early 2022"]
[White "Yaniuk, Volodymyr"]
[Black "Manon-og, Ramon Jr."]
[WhiteFideId "14133083"]
[BlackFideId "5200776"]
[WhiteElo "2141"]
[BlackElo "2272"]
[Result "1-0"]
[Round "02"]
[TimeControl "180+1"]
[Date "2022.11.02"]
[WhiteClock "0:00:07"]
[BlackClock "0:00:04"]

1. d4 Nf6 2. c4 g6 3. Nc3 d5 4. Bg5 Ne4 5. Bh4 Nxc3 6. bxc3 Bg7 7. e3 c6 8. Nf3 O-O 9. Qb3 dxc4 10. Bxc4 Nd7 11. Ng5 e6 12. Bxe6 Bf6 13. Nxf7 Qe7 14. Nd6+ Kg7 15. Bg3 Nc5 16. dxc5 Bxe6 17. Qc2 h5 18. h3 b6 19. O-O bxc5 20. Rab1 Rab8 21. Qa4 Rxb1 22. Rxb1 Kh6 23. Rb7 Qd8 24. Qxa7 Rh8 25. Nf7+ Bxf7 26. Rxf7 h4 27. Bf4+ g5 28. Bc7 Qd1+ 29. Kh2 Qd5 30. Rxf6+ Kh5 31. Bf4 gxf4 32. Rxf4 Qg5 33. Qf7+ 1-0


[Site "https://www.chess.com"]

[Event "Titled Tuesday Blitz November 01 Early 2022"]
[White "Yuan, Qingyu"]
[Black "Khamdamova, Afruza"]
[WhiteFideId "8609772"]
[BlackFideId "14210444"]
[WhiteElo "2359"]
[BlackElo "2018"]
[Result "1-0"]
[Round "02"]
[TimeControl "180+1"]
[Date "2022.11.02"]
[WhiteClock "0:01:14"]
[BlackClock "0:00:32"]

1. e4 e5 2. Nf3 Nf6 3. Nxe5 d6 4. Nf3 Nxe4 5. Nc3 Nxc3 6. dxc3 Be7 7. Bf4 Nc6 8. Qd2 Be6 9. O-O-O Qd7 10. h4 h6 11. Kb1 a6 12. Bd3 O-O-O 13. Rhe1 Bf6 14. Be4 d5 15. Bd3 Rhe8 16. a3 Kb8 17. Ne5 Nxe5 18. Bxe5 Bxe5 19. Rxe5 Bg4 20. Rde1 Rxe5 21. Rxe5 f6 22. Re1 Re8 23. b3 Re7 24. Kb2 Qe8 25. Rxe7 Qxe7 26. Qf4 Bd7 27. Qd4 Qe6 28. Qc5 Qf7 29. a4 g5 30. g3 f5 31. Qd4 Qg8 32. Qf6 gxh4 33. gxh4 Qh7 34. Qd8+ Bc8 35. Qxd5 Qg6 36. Qd8 b6 37. Bxa6 1-0


[Site "https://www.chess.com"]